 Dungeon Crawl Stone Soup version 0.28-a0-1629-gf728b707aa (webtiles) character file.

Game seed: 2020934153990186177

72 HallandMoats the Skirmisher (level 4, -2/38 HPs)
             Began as a Ghoul Fighter on Jan 24, 2022.
             Was a Follower of Fedhas.
             Slain by a gnoll (6 damage)
             ... on level 2 of the Dungeon.
             The game lasted 00:01:32 (1466 turns).

HallandMoats the Skirmisher (Ghoul Fighter)         Turns: 1466, Time: 00:01:33

Health: -2/38      AC:  7    Str: 19    XL:     4   Next: 26%
Magic:  4/4        EV:  9    Int:  5    God:    Fedhas [*.....]
Gold:   60         SH:  4    Dex:  8    Spells: 3/3 levels left

rFire   . . .      SeeInvis .   a - +0 long sword
rCold   + . .      Faith    .   c - +0 buckler
rNeg    + + +      Spirit   .   b - +0 scale mail
rPois   ∞          Reflect  .   (no helmet)
rElec   .          Harm     .   (no cloak)
rCorr   .          Rampage  .   (no gloves)
Will    .....                   e - +0 pair of boots
Stlth   ..........              (no amulet)
HPRegen 0.00/turn               (no ring)
MPRegen 0.09/turn               (no ring)

@: inhibited regen
A: claws 1, cold resistance 1, negative energy resistance 3, inhibited
regeneration, torment resistance 2
a: Renounce Religion


You were on level 2 of the Dungeon.
You worshipped Fedhas.
Fedhas was aware of your devotion.
You visited 1 branch of the dungeon, and saw 2 of its levels.

You collected 60 gold pieces.

Inventory:

Hand Weapons
 a - a +0 long sword (weapon)
Armour
 b - a +0 scale mail (worn)
 c - a +0 buckler (worn)
 e - a +0 pair of boots (worn)
Scrolls
 i - a scroll of summoning {unknown}
 j - a scroll of fog {unknown}
 k - a scroll of holy word {unknown}
 m - 3 scrolls of identify {unknown}
 n - a scroll of torment {unknown}
 o - a scroll of enchant armour {unknown}
Potions
 d - a potion of might
 f - 2 potions of attraction {unknown}
 g - a potion of haste {unknown}
 h - 3 potions of mutation {unknown}
 l - a potion of degeneration {unknown}


   Skills:
 - Level 3.2 Fighting
 - Level 1.7 Long Blades
 * Level 2.7 Slings
 - Level 2.6 Armour
 - Level 2.6 Shields
 + Level 2.1 Invocations


You had 3 spell levels left.
You didn't know any spells.
Your spell library was empty.

Dungeon Overview and Level Annotations

Branches:
Dungeon (2/15)

Altars:
Fedhas


Innate Abilities, Weirdness & Mutations

You thrive by killing the living.
You are immune to poison.
You have sharp fingernails.
Your flesh is cold resistant. (rC+)
You are immune to negative energy. (rN+++)
You do not regenerate when monsters are visible.
You are immune to unholy pain and torment.


Message History

You barely miss the gnoll.
The gnoll is almost dead.
The gnoll hits you but does no damage. The gnoll barely misses you. x2
The gnoll hits you but does no damage.
You hit the gnoll.
You kill the gnoll!
Fedhas appreciates your contribution to the ecosystem.
You block the gnoll's attack.
Your Invocations skill increases to level 2!
You have reached level 4!
There are monsters nearby!
There are monsters nearby!
There are monsters nearby!
You closely miss the gnoll.
The gnoll is heavily wounded.
The gnoll barely misses you. The gnoll hits you with a +0 whip!
* * * LOW HITPOINT WARNING * * *
You hit the gnoll but do no damage.
The gnoll is heavily wounded.
The gnoll hits you with a +0 club.
* * * LOW HITPOINT WARNING * * *
The gnoll hits you but does no damage. The gnoll barely misses you.
The gnoll closely misses you.
You hit the gnoll but do no damage.
The gnoll is heavily wounded.
The gnoll hits you but does no damage. The gnoll completely misses you.
You slash the gnoll!
You kill the gnoll!
Fedhas appreciates your contribution to the ecosystem.
You block the gnoll's attack. The gnoll hits you with a +0 whip.
* * * LOW HITPOINT WARNING * * *
Items here: ))) †.
The gnoll hits you but does no damage.
You closely miss the gnoll. The gnoll hits you with a +0 whip.
* * * LOW HITPOINT WARNING * * *
You block the gnoll's attack.
You barely miss the gnoll. The gnoll hits you with a +0 whip.
You die...
Fedhas appreciates your contribution to the ecosystem.

###(....(.#.#.............#.....#
....)<#####.#.###########.#.#####
###..######.#.. ..........#.#
#.........#.# ########..#.#
####..#######.##########..#.#
.........................>..#
#####÷)######............#..#
..............###+########..#
#####..........)@....... #..#
#.........#g........ #..#
#.........#......... #..##### ##
#.........#......... #....... .#
#.........#......... #.###### .#
#.........####.#######.## .#
#(........# ..#####...### .#
#.........# #.......#...#
.######.#####.# .#####...#.#


You could see a gnoll.

Vanquished Creatures
  3 gnolls (D:2)
  An adder (D:2)
  2 bats
  An endoplasm (D:1)
  A giant cockroach (D:1)
  3 hobgoblins (D:2)
  8 kobolds
  A ball python (D:2)
  2 frilled lizards (D:1)
  9 goblins
  2 rats
33 creatures vanquished.

Notes
Turn   | Place    | Note
-------+----------+-------------------------------------------
     0 | D:1      | HallandMoats the Ghoul Fighter began the quest for the Orb.
     0 | D:1      | Reached XP level 1. HP: 19/19 MP: 0/0
   279 | D:1      | Reached skill level 1 in Slings
   279 | D:1      | Reached XP level 2. HP: 26/26 MP: 1/1
   338 | D:1      | Reached skill level 1 in Invocations
   843 | D:2      | Found a faded altar of an unknown god.
   851 | D:2      | Prayed at the altar of an unknown god.
   851 | D:2      | Became a worshipper of Fedhas Madash
   851 | D:2      | Reached * piety under Fedhas
  1010 | D:2      | Reached XP level 3. HP: 28/31 MP: 1/3
  1459 | D:2      | Reached XP level 4. HP: 18/38 MP: 4/4
  1466 | D:2      | Slain by a gnoll

Illustrated notes

Levels and vault maps discovered:
D:1:      eino_arrival_cavern_a, layout_basic, serial_bayou_pond_b,
          kennysheep_crisscross
D:2:      layout_basic, hellmonk_ecumenical_altar_prayer_group,
          minmay_misc_feat_tower, corexii_item_surrounded_by_moat,
          item_on_display_a

Skill      XL: |  1  2  3 |
---------------+----------+-----
Slings         | 1 2 |  2.7
Invocations    | 1 2 |  2.1
Fighting       | |  3.2
Long Blades    | |  1.7
Armour         | |  2.6
Shields        | |  2.6

Action                   |  1- 3 |  4- 6 || total
-------------------------+-------+-------++-------
Melee: Long sword        |   120 |     6 ||   126
Armor: Scale mail        |    56 |     3 ||    59
Dodge: Dodged            |    50 |     4 ||    54
Block: Buckler           |    23 |     2 ||    25

Table legend: (Time is in decaauts)
 A = Elapsed time spent in this place.
 B = Non-inter-level travel time spent in this place.
 C = Inter-level travel time spent in this place.
 D = Time resting spent in this place.
 E = Time spent auto-exploring this place.
 F = Levels seen in this place.
 G = Mean time per level.
                   A        B        C        D        E       F      G
               +--------+--------+--------+--------+--------+-----+--------+
         Total |   1511 |   1440 |     71 |      0 |   1133 |   2 |  755.5 |
       Dungeon |   1511 |   1440 |     71 |      0 |   1133 |   2 |  755.5 |
               +--------+--------+--------+--------+--------+-----+--------+

Top non-repeatable levels by time:
     D:1: 842 daAuts
     D:2: 669 daAuts
